 Dungeon Crawl Stone Soup version 0.26-a0-639-g72c4674329 (webtiles) character file.

Game seed: 13299555688485224937

2085 Lanoc the Frost Mage (level 9, 0/45 HPs)
             Began as a Deep Elf Ice Elementalist on Sept 25, 2020.
             Slain by an unseen horror (8 damage)
             ... on level 6 of the Dungeon.
             The game lasted 00:12:46 (7232 turns).

Lanoc the Frost Mage (Deep Elf Ice Elementalist)    Turns: 7232, Time: 00:12:47

Health: 0/45       AC:  6    Str:  5    XL:     9   Next: 6%
Magic:  12/15      EV: 18    Int: 30    God:
Gold:   281        SH:  0    Dex: 15    Spells: 4/14 levels left

rFire    . . .     SeeInvis .   (no weapon)
rCold    . . .     Faith    .   (no shield)
rNeg     . . .     Spirit   .   a - +1 robe
rPois    .         Reflect  .   (no helmet)
rElec    .         Harm     .   (no cloak)
rCorr    .         Rampage  .   c - +2 pair of gloves
MR       +....     Clarity  +   (no boots)
Stlth    ++........             (no amulet)
HPRegen  0.15/turn              t - +6 ring of intelligence
MPRegen  0.14/turn              (no ring)

@: frozen ramparts
A: clarity, magic resistance 1
a: no special abilities


You were on level 6 of the Dungeon.
You visited 1 branch of the dungeon, and saw 6 of its levels.
You also visited: Sewer.

You collected 281 gold pieces.

Inventory:

Armour
 a - a +1 robe (worn)
 c - a +2 pair of gloves (worn)
Jewellery
 n - the amulet of Xom's Amusement {Spirit rC+ Int+2}
   (You found it on level 4 of the Dungeon)

   [amulet of guardian spirit]

   It causes incoming damage to be split between your health and magic.
   It affects your intelligence (+2).
   It protects you from cold.
 t - a +6 ring of intelligence (left hand)
Wands
 h - a wand of random effects (24)
 r - a wand of paralysis (12)
Scrolls
 d - 2 scrolls of remove curse
 e - a scroll of summoning {unknown}
 f - 5 scrolls of identify
 j - 2 scrolls of fog
 m - 2 scrolls of blinking
Potions
 b - a potion of flight
 g - 5 potions of stabbing
 i - a potion of cancellation {unknown}
 k - a potion of brilliance {unknown}
 q - 2 potions of degeneration {unknown}
 u - 2 potions of berserk rage


   Skills:
 + Level 8.6 Dodging
 - Level 2.4 Stealth
 - Level 3.0 Spellcasting
 * Level 11.3 Ice Magic


You had 4 spell levels left.
You knew the following spells:

 Your Spells              Type           Power        Failure   Level
b - Frozen Ramparts       Ice            ######       1%          3
c - Ozocubu's Armour      Ice            ######..     1%          3
d - Summon Ice Beast      Ice/Summ       #####...     7%          4

Your spell library contained the following spells:

 Spells                   Type           Power        Failure   Level
 Freeze                   Ice            ####         1%          1
 Hailstorm                Conj/Ice       #####...     7%          4


Dungeon Overview and Level Annotations

Branches:
Dungeon (6/15)              Sewer (visited)
 Temple: D:4-7

Altars:
Dithmenos
Nemelex Xobeh
Xom

Annotations:
D:3 Grinder


Innate Abilities, Weirdness & Mutations

You possess an exceptional clarity of mind.
You are resistant to hostile enchantments. (MR+)


Message History

The wall freezes the ufetubus.
The wall freezes something.
Something barely misses you.
The wall freezes the gnoll shaman!
The wall freezes the gnoll.
The gnoll completely misses you.
The ufetubus completely resists.
The wall freezes the ufetubus but do no damage.
You hear a shout!
You hear an angry hiss.
You hit the gnoll.
The gnoll is lightly wounded.
The wall freezes something.
Something hits you!
The wall freezes something.
Something hits you.
The wall freezes something.
Something hits you.
The wall freezes the gnoll shaman!
The gnoll shaman prays to its god.
The gnoll shaman is healed somewhat.
The ufetubus completely resists.
The wall freezes the ufetubus but do no damage.
The wall freezes the gnoll.
The gnoll hits you with a +0 flail!
* * * LOW HITPOINT WARNING * * *
You are too injured to fight recklessly!
You are too injured to fight recklessly!
The wall freezes something. x2; Something hits you!
You die...

,,,,,* *,*#.........# ,,,,,*
*,*#.........# ,,,,,*
*,*#.........#
,,,,,**#.##.........##
,,,,,,,.............†###*****
,,,,,**,#..........#...#*,,,*
<,,,,,,,#........#.#.#.#,,*,*
,,,,,,,,#.........###....**,*
,,,,,,,.........@##5######*,**
*****,,.#####..##..g....O,,,,*
***** #...g##.#####**,,*
#....,**#,,,,**,,*
###..*,*,*,,,,*,,*
#.$,,*,,,,,,,,,*
#..,,,,**,,,,,,*
###,,,,,,,****** *********


You could see a gnoll shaman.

Vanquished Creatures
  Eustachio (D:5)
  A steam dragon (D:5)
  2 black bears (D:6)
  2 ogres (D:5)
  5 big kobolds (D:5)
  3 bullfrogs
  A scorpion (D:3)
  4 crimson imps (D:3)
  A quasit (D:6)
  2 bullfrog skeletons
  A gnoll shaman (D:5)
  An orc wizard (D:6)
  3 worker ants
  A worker ant zombie (D:6)
  12 gnolls
  9 adders
  A shadow imp (D:6)
  A white imp (D:5)
  An ufetubus (D:5)
  An ooze (D:4)
  An adder skeleton (D:5)
  A worm (D:3)
  4 dart slugs
  6 leopard geckos
  13 orcs
  4 ball pythons
  13 giant cockroaches
  A goblin (D:1)
  9 hobgoblins
  14 jackals
  A quokka (D:5)
  3 bats
  6 frilled lizards
  38 kobolds
  A quokka skeleton (D:5)
  A quokka zombie (D:5)
  5 rats
174 creatures vanquished.

Vanquished Creatures (collateral kills)
  An ice beast (D:6)
  A phantom (D:6)
  A bullfrog (Sewer)
  A worker ant zombie (D:5)
4 creatures vanquished.

Grand Total: 178 creatures vanquished

Notes
Turn   | Place    | Note
-------+----------+-------------------------------------------
     0 | D:1      | Lanoc the Deep Elf Ice Elementalist began the quest for the
                  | Orb.
     0 | D:1      | Reached XP level 1. HP: 10/10 MP: 6/6
   108 | D:1      | Reached XP level 2. HP: 12/15 MP: 0/8
   396 | D:2      | Reached skill level 5 in Ice Magic
   513 | D:2      | Reached XP level 3. HP: 19/19 MP: 5/9
   521 | D:2      | Learned a level 3 spell: Frozen Ramparts
   888 | D:2      | Reached XP level 4. HP: 19/24 MP: 6/10
  1516 | D:3      | Found a shimmering altar of Xom.
  1522 | D:3      | Reached skill level 6 in Ice Magic
  1523 | D:3      | Reached XP level 5. HP: 28/28 MP: 4/11
  2432 | D:3      | Noticed Grinder
  2448 | D:3      | Gained mutation: You are resistant to hostile enchantments.
                  | (MR+) [potion of mutation]
  2448 | D:3      | Gained mutation: You possess an exceptional clarity of
                  | mind. [potion of mutation]
  2481 | D:3      | Reached skill level 7 in Ice Magic
  2481 | D:3      | Reached XP level 6. HP: 32/32 MP: 5/12
  2586 | D:4      | Learned a level 3 spell: Ozocubu's Armour
  2701 | D:4      | Reached skill level 5 in Dodging
  2916 | D:4      | Found a sparkling altar of Nemelex Xobeh.
  3085 | D:4      | Got a translucent tin amulet
  3091 | D:4      | Identified the amulet of Xom's Amusement {Spirit rC+ Int+2}
                  | (You found it on level 4 of the Dungeon)
  3288 | D:4      | Found a shadowy altar of Dithmenos.
  3455 | D:5      | Entered Level 5 of the Dungeon
  3589 | D:5      | Reached skill level 8 in Ice Magic
  3589 | D:5      | Reached XP level 7. HP: 36/36 MP: 6/13
  3961 | D:5      | Reached skill level 9 in Ice Magic
  4217 | D:5      | Noticed a steam dragon
  4229 | D:5      | Killed a steam dragon
  4229 | D:5      | Reached XP level 8. HP: 12/41 MP: 10/14
  4623 | D:5      | Reached skill level 10 in Ice Magic
  4727 | D:5      | Learned a level 4 spell: Summon Ice Beast
  4832 | D:5      | Noticed Eustachio
  4847 | D:5      | Killed Eustachio
  5643 | D:6      | Found a glowing drain.
  5660 | Sewer    | Entered a sewer
  6689 | D:6      | Reached skill level 11 in Ice Magic
  7084 | D:6      | Reached XP level 9. HP: 31/45 MP: 11/15
  7232 | D:6      | Slain by an unseen horror

Illustrated notes

Levels and vault maps discovered:
D:1:      saegor_arrival_simple_e, layout_basic, minmay_tripent
D:2:      layout_basic, minmay_misc_feat_rows, interstate_on_off,
          minmay_octomino_c4
D:3:      layout_basic, led_xom_imps, uniq_grinder
D:4:      layout_rooms, grunt_dithmenos_shadows, hangedman_decor_riveting,
          kennysheep_flooded_box, nemelex_spade_bored_becter
D:5:      minmay_goblin_kobold_castle, layout_cave_pools, st_stairs_1,
          minmay_crossroads, uniq_eustachio
D:6:      layout_rooms, portal_sewer_entry_d, minmay_fountain_box,
          minmay_manual_monstrance

Skill      XL: |  1  2  3  4  5  6  7  8 |
---------------+-------------------------+-----
Dodging        | 3 4 5 6 8 |  8.6
Ice Magic      | 5 6 7 8 9 11 | 11.3
Stealth        | |  2.4
Spellcasting   | |  3.0

Action                   |  1- 3 |  4- 6 |  7- 9 || total
-------------------------+-------+-------+-------++-------
Melee: Unarmed           |    24 |    79 |   226 ||   329
 Cast: Freeze            |    33 |     9 |     1 ||    43
       Frozen Ramparts   |     5 |    37 |    43 ||    85
       Ozocubu's Armour  |       |     2 |    10 ||    12
       Summon Ice Beast  |       |       |     6 ||     6
  Use: Potion            |       |     4 |       ||     4
       Scroll            |       |       |    10 ||    10
 Stab: Sleeping          |       |       |     1 ||     1
Armor: Robe              |     5 |    27 |    48 ||    80
Dodge: Dodged            |    37 |   113 |   235 ||   385

Table legend: (Time is in decaauts)
 A = Elapsed time spent in this place.
 B = Non-inter-level travel time spent in this place.
 C = Inter-level travel time spent in this place.
 D = Time resting spent in this place.
 E = Time spent auto-exploring this place.
 F = Levels seen in this place.
 G = Mean time per level.
                   A        B        C        D        E       F      G
               +--------+--------+--------+--------+--------+-----+--------+
         Total |   7336 |   7065 |    271 |    134 |   5265 |   7 | 1048.0 |
       Dungeon |   6652 |   6381 |    271 |    134 |   4810 |   6 | 1108.7 |
         Sewer |    684 |    684 |      0 |      0 |    455 |   1 |  684.0 |
               +--------+--------+--------+--------+--------+-----+--------+

Top non-repeatable levels by time:
     D:5: 2261 daAuts
     D:3: 1252 daAuts
     D:6: 934 daAuts
     D:2: 906 daAuts
     D:4: 904 daAuts
   Sewer: 684 daAuts
     D:1: 392 daAuts
